Map: Abyssal Reef LE

Players

Psych

  • Race: Terran Terran
  • League: Grandmaster
  • Spawn Location: 5:00

EGDisruptor (goblin) - Winner!

  • Race: Protoss Protoss
  • League: Grandmaster
  • Spawn Location: 11:00

VOD

Have the link to the VOD?

Description

Time

  • Played on: Aug. 4, 2017, 5:31 p.m.
  • Length: 11:51
Show
View Real Time Build Order
Export as new Build Order

Psych Terran 

Build Orders: MMM Bio 

Get SALT Encoding   

  12  0:00  SCV  
  13  0:13  SCV  
  14  0:20  Supply Depot  
  14  0:25  SCV  
  15  0:41  SCV  
  15  0:42  Barracks  
  16  0:45  Refinery  
  16  0:53  SCV  
  17  1:06  SCV  
  18  1:18  SCV  
  19  1:28  Marine  
  19  1:30  Orbital Command  
  20  1:42  Command Center  
  20  1:49  Barracks Reactor  
  20  1:56  SCV  
  21  2:05  Factory  
  21  2:08  SCV  
  22  2:18  Supply Depot  
  23  2:26  Marine  
  23  2:33  Refinery  
  23  2:40  Marine, SCV  
  25  2:44  Marine  
  25  2:47  Widow Mine  
  25  2:50  Starport  
  28  2:52  SCV  
  28  2:54  Orbital Command  
  29  3:00  Marine  
  29  3:03  Marine  
  29  3:04  SCV  
  32  3:11  Barracks  
  32  3:16  SCV  
  32  3:17  Widow Mine  
  35  3:20  SCV  
  35  3:23  Marine  
  35  3:25  Marine  
  38  3:29  SCV  
  39  3:35  Viking  
  39  3:38  SCV  
  42  3:41  Marine  
  42  3:46  Supply Depot  
  42  3:47  SCV  
  44  3:50  SCV, Factory Tech Lab  
  45  3:59  SCV, Barracks Tech Lab  
  46  4:07  Marine x2, Starport Reactor, SCV  
  46  4:09  Supply Depot  
  49  4:11  SCV  
  49  4:14  Siege Tank  
  53  4:18  Stimpack  
  53  4:19  SCV  
  53  4:24  Supply Depot  
  54  4:28  Refinery  
  54  4:30  Marine x2, SCV  
  57  4:33  Marine, SCV  
  57  4:38  Engineering Bay  
  59  4:43  SCV  
  59  4:44  Supply Depot  
  59  4:45  SCV  
  61  4:48  Siege Tank  
  64  4:53  Marine x2  
  64  4:54  Marine  
  64  4:55  SCV  
  64  4:57  Medivac  
  70  5:05  SCV  
  70  5:06  Medivac  
  70  5:07  Supply Depot  
  73  5:09  SCV  
  73  5:11  Marine  
  75  5:17  SCV  
  76  5:24  Barracks  
  76  5:28  Marauder  
  78  5:31  SCV  
  78  5:33  Factory Reactor  
  78  5:34  SCV  
  80  5:36  Terran Infantry Weapons Level 1  
  80  5:38  Marine x2, Liberator  
  82  5:43  SCV  
  82  5:45  Command Center, Supply Depot  
  86  6:02  Supply Depot  
  86  6:07  Marine x2, SCV, Marauder  
  88  6:24  Marine  
  87  6:29  SCV  
  87  6:30  Marine x3  
  91  6:33  SCV  
  91  6:39  Combat Shields  
  92  6:40  Medivac  
  92  6:41  SCV, Medivac  
  92  6:42  Marine  
  92  6:43  Barracks  
  99  6:47  SCV  
  99  6:48  Marauder  
  99  6:51  Armory  
  99  6:52  Barracks, Supply Depot  
  102  6:54  Marauder  
  92  7:02  Marine x2  
  92  7:04  Widow Mine, Orbital Command  
  92  7:07  SCV  
  97  7:09  Marauder  
  97  7:10  Supply Depot x2  
  97  7:13  Liberator  
  97  7:15  Marine  
  100  7:16  Barracks, Engineering Bay  
  100  7:22  Marine  
  100  7:23  Marine  
  102  7:31  Marauder  
  102  7:32  Marine x2, Orbital Command  
  109  7:42  Terran Infantry Weapons Level 2  
  109  7:46  Terran Infantry Armor Level 1  
  109  7:47  Refinery  
  109  7:50  Marine x4  
  109  7:51  Marine  
  114  7:55  SCV  
  115  7:59  Marine x2  
  115  8:01  Concussive Shells  
  117  8:10  Marine x2  
  117  8:11  SCV  
  117  8:12  Starport  
  120  8:17  Marauder  
  102  8:28  Marine  
  102  8:29  Marine x3, Marauder  
  84  8:34  Marine x2  
  84  8:36  SCV  
  84  8:38  Marauder  
  84  8:39  Supply Depot x2  
  89  8:46  Marine x2  
  89  8:48  Marine x2, Medivac x2  
  96  8:49  Factory Reactor  
  96  8:50  Marine  
  96  8:52  Marine, Medivac  
  96  8:53  Marine, Supply Depot  
  102  9:00  Marauder  
  102  9:02  Missile Turret  
  97  9:04  Marine x2, Missile Turret  
  97  9:06  Marine  
  97  9:07  Marine  
  97  9:08  Marine  
  102  9:10  Marine  
  102  9:11  Terran Ship Weapons Level 1  
  102  9:21  Marauder  
  83  9:28  Marine x3  
  83  9:29  Marine x3, Marauder  
  69  9:42  Marine  
  69  9:43  Widow Mine x2  
  63  9:46  Marine x5  
  63  9:47  Marine  
  63  9:50  Marauder  
  61  9:56  Medivac  
  63  10:00  Marine  
  63  10:04  Marine  
  63  10:07  Marine x2  
  65  10:12  Marauder  
  65  10:13  Marine x3  
  69  10:17  Medivac  
  69  10:20  SCV x2  
  71  10:24  SCV  
  71  10:26  Marine  
  73  10:32  SCV  
  73  10:33  SCV  
  75  10:35  Marine x2  
  75  10:36  Marine x3  
  80  10:43  Medivac  
  80  10:44  Marine x2, Medivac  
  86  10:53  Marine x2  
  88  10:58  Marine x4  
  88  11:01  Widow Mine x2  
  88  11:02  SCV, Marauder  
  99  11:07  SCV  
  99  11:10  Marine  
  99  11:11  Marine x2  
  101  11:21  Marine  
  101  11:22  Marine  
  101  11:23  Marauder  
  97  11:28  Marauder  
Show
View Real Time Build Order
Export as new Build Order

EGDisruptor Protoss - Winner!

Build Orders: 1 Gate Expand, Phoenix Opening 

Get SALT Encoding   

  12  0:02  Probe (Chrono Boost)  
  13  0:12  Probe (Chrono Boost)  
  14  0:18  Pylon  
  14  0:23  Probe (Chrono Boost)  
  15  0:36  Probe (Chrono Boost)  
  15  0:37  Gateway  
  16  0:42  Assimilator  
  16  0:46  Probe (Chrono Boost)  
  18  0:57  Probe (Chrono Boost)  
  18  1:07  Probe (Chrono Boost)  
  19  1:21  Nexus  
  20  1:25  Probe (Chrono Boost)  
  20  1:35  Assimilator  
  20  1:36  Probe (Chrono Boost)  
  21  1:44  Pylon  
  21  1:46  Probe (Chrono Boost)  
  22  1:57  Probe (Chrono Boost)  
  23  2:07  Probe (Chrono Boost)  
  24  2:14  Cybernetics Core  
  24  2:18  Probe (Chrono Boost)  
  25  2:29  Probe (Chrono Boost)  
  26  2:33  Probe (Chrono Boost)  
  27  2:39  Probe (Chrono Boost)  
  29  2:44  Probe (Chrono Boost)  
  29  2:50  Probe (Chrono Boost), Stargate  
  30  2:51  Adept  
  30  2:53  Robotics Facility  
  30  2:54  Probe (Chrono Boost)  
  30  2:55  Warp Gate (Chrono Boost)  
  33  3:01  Mothership Core  
  35  3:06  Probe  
  35  3:11  Pylon  
  36  3:15  Adept  
  36  3:18  Probe  
  39  3:22  Probe  
  40  3:30  Probe  
  41  3:34  Probe, Phoenix (Chrono Boost)  
  44  3:42  Adept  
  44  3:45  Nexus  
  44  3:46  Probe  
  47  3:49  Probe  
  48  3:57  Observer  
  48  3:58  Phoenix (Chrono Boost)  
  52  4:02  Probe  
  52  4:08  Pylon  
  52  4:13  Gateway  
  52  4:15  Gateway  
  52  4:26  Immortal (Chrono Boost)  
  52  4:28  Pylon  
  56  4:32  Probe x2, Assimilator  
  56  4:33  Assimilator, Phoenix  
  60  4:45  Probe x2  
  62  4:55  Phoenix  
  62  4:57  Probe  
  62  4:59  Adept  
  67  5:07  Gateway  
  67  5:08  Gateway  
  67  5:09  Gateway  
  67  5:10  Sentry  
  67  5:11  Probe  
  67  5:12  Probe x2  
  72  5:19  Observer (Chrono Boost)  
  73  5:21  Adept x2  
  73  5:24  Probe  
  73  5:25  Pylon  
  73  5:26  Phoenix  
  78  5:34  Probe  
  80  5:36  Probe  
  82  5:43  Pylon  
  82  5:47  Twilight Council  
  82  5:49  Immortal (Chrono Boost)  
  86  5:51  Phoenix  
  88  6:01  Adept x2  
  88  6:02  Adept  
  94  6:09  Pylon  
  94  6:23  Pylon  
  94  6:24  Pylon  
  93  6:27  Pylon  
  93  6:31  Pylon  
  93  6:35  Pylon  
  93  6:36  Pylon  
  93  6:37  Pylon  
  93  6:39  Phoenix  
  93  6:42  Probe x2  
  93  6:46  Observer (Chrono Boost)  
  98  7:00  Resonating Glaives (Chrono Boost)  
  96  7:03  Probe x3  
  96  7:05  Pylon  
  99  7:10  Phoenix, Adept x6  
  99  7:15  Probe  
  114  7:16  Probe x2  
  114  7:22  Observer  
  116  7:24  Robotics Bay, Robotics Facility  
  116  7:27  Probe  
  116  7:28  Probe  
  119  7:30  Probe  
  120  7:38  Phoenix  
  120  7:39  Probe  
  120  7:40  Probe  
  120  7:43  Probe  
  125  7:44  Forge  
  125  7:47  Pylon, Forge  
  125  7:51  Probe  
  125  7:52  Probe  
  125  7:55  Probe  
  125  7:57  Assimilator  
  128  7:58  Assimilator  
  128  8:00  Pylon  
  128  8:04  Probe x2  
  128  8:05  Pylon  
  130  8:11  Adept x5  
  140  8:26  Phoenix  
  128  8:33  Adept  
  128  8:34  Adept x5  
  122  8:39  Protoss Ground Weapons Level 1 (Chrono Boost)  
  122  8:40  Protoss Ground Armor Level 1 (Chrono Boost)  
  126  8:55  Colossus  
  132  9:00  Colossus (Chrono Boost)  
  138  9:09  Nexus  
  138  9:10  Pylon  
  138  9:12  Pylon  
  138  9:13  Pylon  
  138  9:22  Phoenix  
  124  9:27  Extended Thermal Lance  
  124  9:28  Adept x2  
  124  9:29  Adept x4  
  123  9:49  Observer (Chrono Boost)  
  123  9:52  Colossus (Chrono Boost)  
  130  10:00  Assimilator  
  130  10:02  Pylon, Assimilator  
  124  10:08  Colossus (Chrono Boost)  
  128  10:16  Phoenix  
  128  10:18  Adept x4  
  128  10:19  Adept x2  
  140  10:24  Gateway  
  140  10:27  Gateway  
  140  10:39  Immortal  
  140  10:43  Gateway  
  140  10:44  Gateway  
  144  10:58  Phoenix  
  152  11:17  Zealot  
  152  11:18  Zealot x5, Fleet Beacon  
  162  11:20  Stargate  
  144  11:40  Adept x5  
  144  11:41  Adept  
Tags
 
Add a new tag
Caveats
  • Supply blocks, unpowered buildings, or Contaminate may cause inaccurate times.
  • Supply counts are checked every 10 seconds.